 Dungeon Crawl Stone Soup version 0.18.1-8-gdd0e5ea (webtiles) character file.

42 Hipnos the Firebug (level 3, 0/19 HPs)
             Began as a Gargoyle Fire Elementalist on May 22, 2016.
             Slain by Sigmund
             ... wielding a +0 scythe
              (7 damage)
             ... on level 2 of the Dungeon.
             The game lasted 00:04:29 (1379 turns).

Hipnos the Firebug (Gargoyle Fire Elementalist)     Turns: 1379, Time: 00:04:29

Health: 0/19       AC:  6    Str: 11    XL:     3   Next: 56%
Magic:  0/6        EV: 12    Int: 16    God:
Gold:   90         SH:  0    Dex: 10    Spells: 1 memorised, 5 levels left

rFire  . . .     SeeInvis .     k - +0 whip
rCold  . . .     Gourm    .     a - +0 robe
rNeg   + . .     Faith    .     (no shield)
rPois  ∞         Spirit   .     (no helmet)
rElec  +         Dismiss  .     (no cloak)
rCorr  .         Reflect  .     m - +0 pair of gloves
SustAt .         Harm     .     (no boots)
MR     .....                    (no amulet)
Stlth  ++........               (no ring)
                                (no ring)

@: not resistant to hostile enchantments, unstealthy
A: negative energy resistance 1, electricity resistance, unbreathing,
petrification resistance, rot immunity, AC +3
a: no special abilities


You were on level 2 of the Dungeon.
You were not hungry.

You visited 1 branch of the dungeon, and saw 2 of its levels.

You collected 90 gold pieces.

Inventory:

Hand Weapons
 k - a +0 whip (weapon)
Armour
 a - a +0 robe (worn)
 m - a +0 pair of gloves (worn)
Scrolls
 e - 3 scrolls of teleportation {unknown}
 i - a scroll of immolation {unknown}
 l - a scroll of identify {unknown}
 o - a scroll of remove curse {unknown}
 p - a scroll of enchant weapon {unknown}
Potions
 d - 2 potions of might {unknown}
 f - a potion of curing {unknown}
 g - a potion of degeneration {unknown}
Books
 b - a book of Flames

   Spells                             Type                      Level
   a - Flame Tongue                   Conjuration/Fire             1
   b - Throw Flame                    Conjuration/Fire             2
   c - Conjure Flame                  Conjuration/Fire             3
   d - Inner Flame                    Hexes/Fire                   3
   e - Sticky Flame                   Conjuration/Fire             4
   f - Fireball                       Conjuration/Fire             5
Comestibles
 c - 4 bread rations
 h - a slice of pizza
 j - 2 meat rations
 n - 6 chunks of flesh


   Skills:
 - Level 1.5 Dodging
 - Level 2.1 Stealth
 + Level 2.2 Spellcasting
 + Level 1.2 Conjurations
 * Level 4.2 Fire Magic


You had 5 spell levels left.
You knew the following spells:

 Your Spells              Type           Power        Failure   Level  Hunger
a - Flame Tongue          Conj/Fire      ##...        10%         1    #......


Dungeon Overview and Level Annotations

Branches:
Dungeon (2/15)

Altars:

Annotations:
D:2 Sigmund


Innate Abilities, Weirdness & Mutations

You are resistant to torment.
Your stone body is resilient (AC +3).
You are immune to poison.
You resist negative energy.
You are resistant to electric shocks.
You can survive without breathing.
You are immune to petrification.
You are immune to rotting.


Message History

Sigmund is heavily wounded.
Sigmund barely misses you.
Casting: Flame Tongue
Confirm with . or Enter, or press ? or * to list all spells.
Aiming: Flame Tongue
Press: ? - help, Shift-Dir - straight line, f/p - Sigmund
Aim: Sigmund, wielding a scythe and wearing a robe (heavily wounded, fast)
The flame tongue hits Sigmund.
Sigmund is severely wounded.
Sigmund gestures at you while chanting. The magic dart hits you!
Sigmund points at you and mumbles some strange words.
You resist with significant effort.
You closely miss Sigmund.
Sigmund is severely wounded.
Sigmund hits you with a scythe.
You barely miss Sigmund.
Sigmund is severely wounded.
Sigmund hits you with a scythe!
You die...

.##.#######.##########...........
.##.............<......##.#######
.##..######.#############.#
.##..# #.# #.# .##..# #.# #.#
.##..# #.# #.# .##..# #.# #.#
.##..# #.#############.#
.##.)######.....@@....?....
........................
########################


You could see Sigmund.

Vanquished Creatures
  An adder (D:2)
  A dart slug (D:1)
  A ball python (D:1)
  3 giant cockroaches
  2 goblins (D:1)
  4 hobgoblins
  7 bats
  3 giant newts
  5 kobolds
  4 rats (D:1)
31 creatures vanquished.

Notes
Turn   | Place    | Note
--------------------------------------------------------------
     0 | D:1      | Hipnos the Gargoyle Fire Elementalist began the quest for the Orb.
     0 | D:1      | Reached XP level 1. HP: 10/10 MP: 3/3
   233 | D:1      | Reached XP level 2. HP: 15/15 MP: 1/5
  1065 | D:2      | Reached XP level 3. HP: 19/19 MP: 6/6
  1115 | D:2      | Reached skill level 4 in Fire Magic
  1366 | D:2      | Noticed Sigmund
  1379 | D:2      | Slain by Sigmund

Skill      XL: |  1  2  3 |
---------------+----------+-----
Fire Magic     | 4 |  4.2
Dodging        | |  1.5
Stealth        | |  2.1
Spellcasting   | |  2.2
Conjurations   | |  1.2

Action                   || total
-------------------------++-------
Melee: Unarmed           ||    17
       Whip              ||    58
 Cast: Flame Tongue      ||    30
 Stab: Sleeping          ||     6
  Eat: Chunk             ||     2
Armor: Robe              ||    36
Dodge: Dodged            ||    62
